 Dungeon Crawl Stone Soup version 0.27-a0-1158-gaa87e14f67 (webtiles) character file.

Game seed: 7308335749777797690

63 avis the Cudgeller (level 4, -3/40 HPs)
             Began as a Hill Orc Monk on May 15, 2021.
             Killed from afar by Terence (9 damage)
             ... with a puff of flame
             ... on level 2 of the Dungeon.
             The game lasted 00:06:07 (2031 turns).

avis the Cudgeller (Hill Orc Monk)                  Turns: 2031, Time: 00:06:08

Health: -3/40      AC:  2    Str: 14    XL:     4   Next: 9%
Magic:  4/4        EV: 12    Int: 10    God:
Gold:   41         SH:  0    Dex: 13    Spells: 3/3 levels left

rFire    . . .     SeeInvis .   a - +0 mace
rCold    . . .     Faith    .   (no shield)
rNeg     . . .     Spirit   .   b - +0 robe
rPois    .         Reflect  .   (no helmet)
rElec    .         Harm     .   (no cloak)
rCorr    .         Rampage  .   (no gloves)
Will     .....                  (no boots)
Stlth    ++........             (no amulet)
HPRegen  0.13/turn              (no ring)
MPRegen  0.09/turn              (no ring)

@: no status effects
A: no striking features
a: no special abilities


You were on level 2 of the Dungeon.
You visited 1 branch of the dungeon, and saw 2 of its levels.

You collected 41 gold pieces.

Inventory:

Hand Weapons
 a - a +0 mace (weapon)
 e - a +0 trident
 h - a +0 whip
 l - a +0 halberd
Missiles
 c - 49 stones (quivered)
 g - 14 poisoned darts
 k - 21 arrows
Armour
 b - a +0 robe (worn)
Magical Staves
 d - a staff of conjuration
Scrolls
 f - a scroll of brand weapon {unknown}
 i - a scroll of fear {unknown}
 j - 3 scrolls of identify {unknown}


   Skills:
 - Level 4.0 Fighting
 * Level 5.1 Maces & Flails
 - Level 2.4 Dodging
 - Level 1.5 Stealth


You had 3 spell levels left.
You didn't know any spells.
Your spell library contained the following spells:

 Spells                   Type           Power      Damage    Failure   Level
 Confusing Touch          Hex            0%         N/A       75%         3
 Gell's Gravitas          Tloc           0%         N/A       75%         3
 Petrify                  Tmut/Erth      0%         N/A       98%         4
 Metabolic Englaciation   Hex/Ice        0%         N/A       100%        5
 Yara's Violent Unravell  Hex/Tmut       0%         3d3       100%        5


Dungeon Overview and Level Annotations

Branches:
Dungeon (2/15)

Altars:

Annotations:
D:2 Terence


Message History

You start resting.
HP restored.
You climb downwards.
There is a stone staircase leading up, spattered with blood here.
You now have 41 gold pieces (gained 3).
There is a stone staircase leading up, spattered with blood here.
Terence the Incautious comes into view.
He is wielding a +0 mace and carrying a wand of flame (20).
Found a scroll labelled NUL UMAAFIRO.
Press: ? - help, v - describe, . - travel
Here: Terence, wielding a +0 mace, wearing a +0 chain mail and carrying a wand of flame (20) (wandering, hasn't noticed you)
The floor.
Terence shouts!
Terence zaps a wand.
The puff of flame misses you.
You hit Terence but do no damage. Terence hits you with a +0 mace.
Terence closely misses you.
You hit Terence.
Terence is moderately wounded.
Terence closely misses you.
You hit Terence but do no damage.
Terence is moderately wounded.
Terence zaps a wand.
The puff of flame misses you.
You hit Terence.
Terence is heavily wounded.
Terence hits you with a +0 mace.
You completely miss Terence.
Terence is heavily wounded.
Terence hits you with a +0 mace.
You barely miss Terence.
Terence is heavily wounded.
Terence hits you with a +0 mace.
You hit Terence.
Terence is severely wounded.
Terence zaps a wand.
The puff of flame hits you!
* * * LOW HITPOINT WARNING * * *
You closely miss Terence.
Terence is severely wounded.
Terence hits you with a +0 mace.
* * * LOW HITPOINT WARNING * * *
Terence zaps a wand.
The puff of flame hits you!
You die...

#. #.#+ ?...
######
.....+.#..
.....#.#.#
#......#####.#
#.#..#<......#
#.....########
#....@#
####.@# .....
####... ..###
#.# #.# #..


You could see Terence.

Vanquished Creatures
  3 gnolls (D:1)
  A dart slug (D:1)
  4 endoplasms (D:1)
  2 hobgoblins (D:1)
  7 jackals (D:1)
  3 kobolds (D:1)
  2 ball pythons (D:1)
  4 frilled lizards (D:1)
  4 goblins (D:1)
  A rat (D:1)
31 creatures vanquished.

Notes
Turn   | Place    | Note
-------+----------+-------------------------------------------
     0 | D:1      | avis the Hill Orc Monk began the quest for the Orb.
     0 | D:1      | Reached XP level 1. HP: 19/19 MP: 1/1
   181 | D:1      | Reached XP level 2. HP: 16/27 MP: 2/2
   400 | D:1      | Reached skill level 4 in Maces & Flails
   773 | D:1      | Reached XP level 3. HP: 28/33 MP: 3/3
  1763 | D:1      | Reached skill level 5 in Maces & Flails
  1763 | D:1      | Reached XP level 4. HP: 7/40 MP: 4/4
  2022 | D:2      | Noticed Terence
  2031 | D:2      | Killed from afar by Terence

Illustrated notes

Levels and vault maps discovered:
D:1:      dpeg_arrival_line_fractal, layout_basic
D:2:      layout_basic, serial_shops, shop, minmay_distorted, uniq_natasha,
          uniq_terence

Skill      XL: |  1  2  3 |
---------------+----------+-----
Fighting       | 4 |  4.0
Maces & Flails | 4 5 |  5.1
Dodging        | |  2.4
Stealth        | |  1.5

Action                   |  1- 3 |  4- 6 || total
-------------------------+-------+-------++-------
Melee: Mace              |    90 |     8 ||    98
Throw: Stone             |    73 |       ||    73
Armor: Robe              |     9 |       ||     9
Dodge: Dodged            |    55 |     4 ||    59

Table legend: (Time is in decaauts)
 A = Elapsed time spent in this place.
 B = Non-inter-level travel time spent in this place.
 C = Inter-level travel time spent in this place.
 D = Time resting spent in this place.
 E = Time spent auto-exploring this place.
 F = Levels seen in this place.
 G = Mean time per level.
                   A        B        C        D        E       F      G
               +--------+--------+--------+--------+--------+-----+--------+
         Total |   2059 |   2034 |     25 |    988 |    574 |   2 | 1029.5 |
       Dungeon |   2059 |   2034 |     25 |    988 |    574 |   2 | 1029.5 |
               +--------+--------+--------+--------+--------+-----+--------+

Top non-repeatable levels by time:
     D:1: 2034 daAuts
     D:2: 25 daAuts
